 Dungeon Crawl Stone Soup version 0.30-a0-639-g3916f1956a (webtiles) character file.

Game seed: 4184119757640132176

813416 wormed the Octopus of Death (level 27, -1/219 HPs)
             Began as an Octopode Conjurer on Jan 16, 2023.
             Was an Initiate of Gozag.
             Killed from afar by a hellephant (11 damage)
             ... with a blast of flame
             ... on level 25 of a ziggurat.
             The game lasted 02:08:58 (75760 turns).

wormed the Octopus of Death (Octopode Conjurer)    Turns: 75760, Time: 02:08:59

Health: -1/219     AC: 27    Str: 26    XL:     27
Magic:  34/39      EV: 47    Int: 43    God:    Gozag
Gold:   338        SH:  0    Dex: 18    Spells: 24/50 levels left

rFire   + + +      SeeInvis +      - Unarmed
rCold   + + .      Faith    .    (shield currently unavailable)
rNeg    . . .      Spirit   .    (helmet currently unavailable)
rPois   ∞          Reflect  .    V - amulet of Zin, Grinning {rElec rC+ Regen+}
rElec   +          Harm     .    O - ring of the Oracle {Wiz Str+4 SInv}
rCorr   +          Rampage  .    f - ring "Jaithixu" {rC+ Int+7}
Will    ++++.      Clarity  +    Q - ring "Keop" {rC+ Str+2 Slay+3}
Stlth   +                        t - +4 ring of protection
HPRegen 1.36/turn                z - ring of a Thousand Runes {Fire Will+ Str+4 Stlth+}
MPRegen 0.26/turn                d - ring "Pycsis" {rPois rF++ Will+ Int+3 Stlth-}
                                 I - ring "Yridghapt" {+Blink rCorr EV+5 Dex+4}
                                 C - +6 ring of strength

@: confused, storm-form, ambrosia-drunk, wereblooded, gold aura, flying,
studying 5 skills
A: cleaving, insubstantial, flying, almost no armour, amphibious, 8 rings,
(camouflage 1), (gelatinous body 1), (nimble swimmer 1), (tentacles), agile 1,
clarity, clever 1, strong 1, MP-powered wands
}: 5/15 runes: serpentine, barnacled, slimy, silver, abyssal
a: Blinkbolt, End Transformation, Renounce Religion, Evoke Blink, Potion
Petition, Call Merchant, Bribe Branch


You were on level 25 of a ziggurat.
You worshipped Gozag.
Gozag was aware of your devotion.
You were a lightning-filled tempest!
You visited 12 branches of the dungeon, and saw 54 of its levels.
You visited the Abyss 1 time.
You visited 1 ziggurat, and saw 25 of its levels.
You also visited: Trove, Ossuary and Gauntlet.

You collected 35585 gold pieces.
You spent 11360 gold pieces at shops.
You paid 23887 gold pieces to Gozag.

Inventory:

Missiles
 D - 8 throwing nets
Armour
 i - the +3 crown of Dyrovepreva (melded) {rElec Int+2 SInv}
   (You acquired it on level 3 of the Dungeon)

   Int:       It affects your intelligence (+2).
   rElec:     It insulates you from electricity.
   SInv:      It lets you see invisible.
Magical Staves
 M - a staff of air (melded)
Jewellery
 d - the ring "Pycsis" (on tentacle) {rPois rF++ Will+ Int+3 Stlth-}
   (You found it on level 24 of a ziggurat)

   [ring of willpower]

   Int:       It affects your intelligence (+3).
   rF:        It greatly protects you from fire.
   rPois:     It protects you from poison.
   Will:      It increases your willpower.
   Stlth:     It makes you less stealthy.
 f - the ring "Jaithixu" (right tentacle) {rC+ Int+7}
   (You bought it in a shop on level 2 of the Orcish Mines)

   [ring of protection from cold]

   Int:       It affects your intelligence (+7).
   rC:        It protects you from cold.
 t - a +4 ring of protection (on tentacle)
 z - the ring of a Thousand Runes (on tentacle) {Fire Will+ Str+4 Stlth+}
   (You found it in a Gauntlet)

   [ring of fire]

   It enhances your fire magic.
   Str:       It affects your strength (+4).
   rF:        It protects you from fire.
   rC:        It makes you vulnerable to cold.
   Will:      It increases your willpower.
   Stlth:     It makes you more stealthy.
 C - a +6 ring of strength (on tentacle)
 I - the ring "Yridghapt" (on tentacle) {+Blink rCorr EV+5 Dex+4}
   (You bought it in a shop on level 3 of the Elven Halls)

   [ring of evasion]

   EV:        It affects your evasion (+5).
   Dex:       It affects your dexterity (+4).
   +Blink:    It lets you blink.
   rCorr:     It protects you from acid and corrosion.
 O - the ring of the Oracle (left tentacle) {Wiz Str+4 SInv}
   (You bought it in a shop on level 2 of the Orcish Mines)

   [ring of wizardry]

   It improves your spell success rate.
   Str:       It affects your strength (+4).
   SInv:      It lets you see invisible.
 Q - the ring "Keop" (on tentacle) {rC+ Str+2 Slay+3}
   (You bought it in a shop on level 2 of the Vaults)

   [ring of protection from cold]

   Str:       It affects your strength (+2).
   Slay:      It affects your accuracy & damage with ranged weapons and melee
   (+3).
   rC:        It protects you from cold.
 V - the amulet of Zin, Grinning (around neck) {rElec rC+ Regen+}
   (You found it on level 4 of the Shoals)

   [amulet of regeneration]

   rC:        It protects you from cold.
   rElec:     It insulates you from electricity.
   Regen:     It increases your rate of health regeneration.
Wands
 m - a wand of polymorph (25)
 o - a wand of roots (45)
 s - a wand of digging (23) (quivered)
 v - a wand of flame (119)
 x - a wand of charming (47)
 K - a wand of quicksilver (18)
 L - a wand of mindburst (23)
Scrolls
 e - 33 scrolls of teleportation
 h - 11 scrolls of magic mapping
 n - 5 scrolls of amnesia
 q - 5 scrolls of butterflies
 r - 2 scrolls of brand weapon
 y - 11 scrolls of enchant armour
 A - 18 scrolls of fog
 B - 8 scrolls of blinking
 J - 16 scrolls of enchant weapon
 N - 10 scrolls of fear
 R - 4 scrolls of silence
Potions
 a - 4 potions of ambrosia
 c - 10 potions of brilliance
 g - 19 potions of attraction
 j - 14 potions of might
 k - 14 potions of resistance
 l - 7 potions of magic
 p - 6 potions of flight
 u - 7 potions of cancellation
 w - 9 potions of lignification
 E - 6 potions of berserk rage
 F - 23 potions of curing
 G - 16 potions of mutation
 H - 5 potions of invisibility
 U - 9 potions of haste


   Skills:
 + Level 25.7 Fighting
 + Level 25.6 Dodging
 - Level 2.6 Stealth
 O Level 27 Unarmed Combat
 - Level 12.0 Spellcasting
 - Level 4.0 Conjurations
 O Level 27 Necromancy
 - Level 19.0 Transmutations
 - Level 19.0 Air Magic


You had 24 spell levels left.
You knew the following spells:

 Your Spells              Type           Power      Damage    Failure   Level
a - Storm Form            Tmut/Air       56%        N/A       1%          7
b - Wereblood             Tmut           100%       N/A       0%          2
c - Death Channel         Necr           65%        N/A       0%          6
d - Vhi's Electric Charg  Tloc/Air       100%       N/A       1%          3
e - Infestation           Necr           65%        N/A       1%          8

Your spell library contained the following spells:

 Spells                   Type           Power      Damage    Failure   Level
 Beastly Appendage        Tmut           100%       N/A       0%          1
 Kiss of Death            Conj/Necr      100%       2d13      0%          1
 Necrotise                Necr           100%       1d9       0%          1
 Cigotuvi's Dreadful Rot  Necr/Pois/Air  100%       N/A       0%          2
 Static Discharge         Conj/Air       100%       2-7/arc   0%          2
 Sublimation of Blood     Necr           100%       N/A       0%          2
 Swiftness                Air            100%       N/A       0%          3
 Vampiric Draining        Necr           100%       2d13      0%          3
 Airstrike                Air            56%        2d(8-24)  0%          4
 Dispel Undead            Necr           100%       3d31      0%          4
 Agony                    Necr           100%       N/A       0%          5
 Blade Hands              Tmut           56%        N/A       0%          5
 Apportation              Tloc           50%        N/A       1%          1
 Foxfire                  Conj/Fire      100%       2x1d9     1%          1
 Magic Dart               Conj           100%       1d8       1%          1
 Sandblast                Erth           50%        2d12      1%          1
 Summon Small Mammal      Summ           100%       N/A       1%          1
 Ensorcelled Hibernation  Hex/Ice        50%        N/A       1%          2
 Lesser Beckoning         Tloc           50%        N/A       1%          2
 Momentum Strike          Conj/Tloc      86%        3d10      1%          2
 Passwall                 Tmut/Erth      68%        N/A       1%          2
 Poisonous Vapours        Pois/Air       100%       N/A       1%          2
 Searing Ray              Conj           100%       2d8       1%          2
 Call Canine Familiar     Summ           25%        N/A       1%          3
 Confusing Touch          Hex            25%        N/A       1%          3
 Dazzling Flash           Conj/Hex       86%        N/A       1%          3
 Gell's Gravitas          Tloc           25%        N/A       1%          3
 Hailstorm                Conj/Ice       43%        3d10      1%          3
 Inner Flame              Hex/Fire       38%        N/A       1%          3
 Kindle Blastsparks       Fire/Tloc/Air  100%       2d18      1%          3
 Mephitic Cloud           Conj/Pois/Air  75%        N/A       1%          3
 Ozocubu's Armour         Ice            25%        N/A       1%          3
 Portal Projectile        Hex/Tloc       50%        N/A       1%          3
 Spider Form              Tmut/Pois      82%        N/A       1%          3
 Stone Arrow              Conj/Erth      86%        3d12      1%          3
 Summon Guardian Golem    Hex/Summ       25%        N/A       1%          3
 Teleport Other           Tloc           25%        N/A       1%          3
 Tukima's Dance           Hex            25%        N/A       1%          3
 Anguish                  Hex/Necr       48%        N/A       1%          4
 Flame Wave               Conj/Fire      59%        2d14      1%          4
 Fulminant Prism          Conj/Hex       21%        3d12      1%          4
 Ice Form                 Ice/Tmut       82%        N/A       1%          4
 Iskenderun's Mystic Bla  Conj/Tloc      43%        2d10      1%          4
 Petrify                  Tmut/Erth      82%        N/A       1%          4
 Sticky Flame             Conj/Fire      59%        2d7       1%          4
 Summon Lightning Spire   Summ/Air       82%        N/A       1%          4
 Alistair's Intoxication  Tmut/Pois      54%        N/A       1%          5
 Arcjolt                  Conj/Air       45%        1d55      1%          5
 Borgnjor's Vile Clutch   Necr/Erth      48%        N/A       1%          5
 Freezing Cloud           Conj/Ice/Air   37%        6-21      1%          5
 Lightning Bolt           Conj/Air       45%        1d65      1%          5
 Silence                  Hex/Air        41%        N/A       1%          5
 Yara's Violent Unravell  Hex/Tmut       41%        3d16      1%          5
 Conjure Ball Lightning   Conj/Air       45%        3x3d16    1%          6
 Eringya's Noxious Bog    Tmut/Pois      41%        N/A       1%          6
 Statue Form              Tmut/Erth      54%        N/A       1%          6
 Dragon Form              Tmut           56%        N/A       1%          7
 Haunt                    Necr/Summ      48%        N/A       1%          7
 Maxwell's Capacitive Co  Air            56%        ∞         1%          8
 Necromutation            Tmut/Necr      61%        N/A       1%          8
 Iskenderun's Battlesphe  Conj           57%        2d11      2%          5
 Cause Fear               Hex            12%        N/A       4%          4
 Leda's Liquefaction      Hex/Erth       12%        N/A       4%          4
 Manifold Assault         Tloc           25%        N/A       4%          4
 Olgreb's Toxic Radiance  Pois           25%        N/A       4%          4
 Passage of Golubria      Tloc           25%        N/A       4%          4
 Fireball                 Conj/Fire      29%        3d13      6%          5
 Lee's Rapid Deconstruct  Erth           12%        3d9*      13%         5
 Metabolic Englaciation   Hex/Ice        12%        N/A       13%         5
 Summon Forest            Summ/Tloc      12%        N/A       13%         5
 Summon Mana Viper        Hex/Summ       25%        N/A       13%         5
 Iron Shot                Conj/Erth      21%        9d5       30%         6
 Starburst                Conj/Fire      29%        6d9       30%         6
 Dispersal                Tloc           12%        N/A       54%         6
 Summon Cactus Giant      Summ           12%        N/A       54%         6
 Orb of Destruction       Conj           28%        9d9       56%         7
 Spellforged Servitor     Conj/Summ      21%        N/A       83%         7
 Enfeeble                 Hex            12%        N/A       98%         7
 Monstrous Menagerie      Summ           12%        N/A       98%         7
 Ozocubu's Refrigeration  Ice            12%        4d10      98%         7
 Summon Hydra             Summ           12%        N/A       98%         7
 Chain Lightning          Conj/Air       45%        3d60      98%         9
 Discord                  Hex            12%        N/A       100%        8
 Disjunction              Tloc           12%        N/A       100%        8
 Ignition                 Fire           19%        3d7       100%        8
 Lehudib's Crystal Spear  Conj/Erth      21%        10d6      100%        8
 Dragon's Call            Summ           12%        N/A       100%        9
 Fire Storm               Conj/Fire      29%        8d8       100%        9
 Polar Vortex             Ice            12%        N/A       100%        9
 Shatter                  Erth           12%        3d13*     100%        9
 Animate Dead             Necr           Unusable   N/A       N/A         4
 Simulacrum               Ice/Necr       Unusable   N/A       N/A         6

Dungeon Overview and Level Annotations

Branches:
Dungeon (15/15)            Temple (1/1) D:6            Lair (5/5) D:8
 Shoals (4/4) Lair:2        Snake (4/4) Lair:2        Slime (5/5) Lair:5
    Orc (2/2) D:10            Elf (3/3) Orc:2        Vaults (5/5) D:13
  Crypt (0/3) Vaults:2     Depths (4/4) D:15           Hell (visited)
    Dis (0/7) Hell            Geh (0/7) Hell            Coc (0/7) Hell
    Tar (0/7) Hell            Zot (5/5) Depths:4    Ossuary (visited)
Gauntlet (visited)

Altars:
Ashenzari
Cheibriados
Dithmenos
Fedhas
Gozag
Hepliaklqana
Kikubaaqudgha
Nemelex Xobeh
Okawaru
Qazlal
Ru
Sif Muna
Trog
Vehumet
Zin
The Shining One

Shops:
D:8 *=   D:10 :   D:12 ?=   Orc:2 =(=!![   Elf:3 (*?*?=   Shoals:2 *
Snake:1 *!   Snake:3 [((*   Vaults:2 (=*   Vaults:4 *   Hell :   Zot:1 *
Depths:1 *   Depths:4 ?

Portals:
Hell: Depths:1 Depths:2 Depths:3 Depths:4
Abyss: Depths:2 Depths:3
Pandemonium: Depths:2


Innate Abilities, Weirdness & Mutations

You are a lightning-filled tempest!
Your electrical attacks strike out in all directions at once.
You are incredibly evasive.
Your insubstantial body is immune to petrification, constriction, and being set on fire You are flying.
You are immune to poison.
Your armour is entirely melded.
You are incapable of wielding weapons or throwing items.
You cannot wear most types of armour.
You are amphibious.
You can wear up to eight rings at the same time.
((Your skin changes colour to match your surroundings (Stealth+).))
((Your rubbery body absorbs attacks. (AC +1, EV +1)))
((You are camouflaged when in or above water. (Stealth+)))
((You have tentacles for arms and can constrict up to eight enemies at once.))
You are agile. (Dex +4, Str/Int -1)
You possess an exceptional clarity of mind.
Your mind is acute. (Int +4, Str/Dex -1)
Your muscles are strong. (Str +4, Int/Dex -1)
You expend magic power (3 MP) to strengthen your wands.


Message History

You feel invigorated.
The searing wretch is no longer distracted by gold.
The tormentor is no longer distracted by gold.
The balrug is no longer distracted by gold. x2
The hell hog is no longer distracted by gold.
The tormentor is distracted by your dazzling golden aura.
The balrug is distracted by your dazzling golden aura.
The hellephant breathes flames at you. The blast of flame misses you.
The searing wretch is distracted by your dazzling golden aura.
The Brimstone Fiend is distracted by your dazzling golden aura.
The searing wretch is distracted by your dazzling golden aura.
The Brimstone Fiend calls on the powers of darkness!
The fire giant convulses!
Your body is wracked with pain!
* * * LOW HITPOINT WARNING * * *
The balrug is distracted by your dazzling golden aura.
The tormentor roars!
The balrug shouts!
The Brimstone Fiend roars!
The hellion is no longer distracted by gold.
The balrug is no longer distracted by gold. x2
The searing wretch is no longer distracted by gold.
The hellephant is no longer distracted by gold.
The balrug gestures at you.
The fireball explodes!
The fireball engulfs the balrug.
The balrug completely resists.
The fireball engulfs the balrug.
The balrug completely resists.
The fireball engulfs you! You resist.
* * * LOW HITPOINT WARNING * * *
The fireball engulfs the tormentor!!
The tormentor resists.
The fireball engulfs the tormentor!
The tormentor resists.
The tormentor is no longer distracted by gold.
The fireball engulfs the balrug.
The balrug completely resists.
The hell hog is distracted by your dazzling golden aura.
A balrug comes into view.
It is wielding a +0 demon whip of electrocution.
The balrug is distracted by your dazzling golden aura.
The tormentor is distracted by your dazzling golden aura.
The balrug misses you. The hellephant breathes flames at you.
The blast of flame misses the hell hog.
The blast of flame hits the balrug.
The balrug completely resists.
The blast of flame hits you! You resist.
You die...
Your body crumbles into a pile of gold.

▓......1#p#...
▓.....Y.###2.n.2...
▓▓.........1.22.....
▓.....Yn....22n.....
▓..........2........
▓......Y22L..C......
▓.....$h.Y..2.......
▓▓..$$$$2$2...2......
▓..∩..$.v2..n.h......
▓▓..$$$..22.2........
▓...................
▓...................
▓...................
▓...................
▓▓..................
▓.......###........


You could see 4 hellephants, 4 searing wretches, a dread lich, a Brimstone
Fiend, a fire giant, 12 balrugs, 2 hell hogs, a hellion and 3 tormentors.

Vanquished Creatures
  4 pandemonium lords
  the Royal Jelly (Slime:5)
  3 dread liches
  6 orbs of fire (Zot:5)
  5 ancient liches
  Mara (Vaults:5)
  5 juggernauts
  A royal mummy (Zig:7)
  Sojobo (Vaults:5)
  Bai Suzhen (Vaults:2)
  Xtahua (Vaults:5)
  Saint Roka (Vaults:5)
  Margery (Depths:3)
  Frederick (Vaults:2)
  5 Killer Klowns
  Geryon (Hell)
  Vashnia (Snake:2)
  2 caustic shrikes
  8 golden dragons
  3 curse toes
  the Enchantress (Depths:1)
  A pearl dragon (Zig:10)
  3 Brimstone Fiends
  3 bone dragons
  2 doom hounds (Depths:3)
  Jorgrun (Snake:2)
  Zenata (Vaults:2)
  2 hellephants (Zig:25)
  5 electric golems
  4 liches
  5 Hell Sentinels
  10 tentacled monstrosities
  3 iron giants
  13 titans
  Asterion (Snake:1)
  A walking crystal tome (Depths:3)
  Mlioglotl (Snake:3)
  19 Orb Guardians (Zot:5)
  Grunn (Depths:3)
  2 quicksilver dragons
  12 deep elf blademasters
  8 deep elf master archers
  24 acid blobs
  3 searing wretches (Zig:25)
  A kraken (Shoals:3)
  5 death cobs
  Polyphemus (Shoals:2)
  2 sphinxes (shapeshifter) (Zig:12)
  4 ancient champions
  11 tentacled starspawn
  6 sphinxes
  The ghost of Barug the Brawler, an adept TrMo of Nemelex Xobeh (Depths:2)
  9 tengu reavers
  2 eldritch tentacles (Abyss:5)
  19 storm dragons
  9 shadow dragons
  A daeva (Zig:10)
  A revenant (Abyss:5)
  13 azure jellies
  A draconian monk (Zot:2)
  A draconian knight (Zot:4)
  6 fire giants
  An azure jelly (shapeshifter) (Vaults:5)
  18 rockslimes
  5 iron dragons
  10 nagarajas
  12 balrugs
  5 deep elf sorcerers
  11 frost giants
  4 deep elf elementalists
  19 vault wardens
  2 draconian scorchers (Zot:5)
  3 emperor scorpions
  8 ghost moths
  4 spectral caustic shrikes (Depths:2)
  A draconian shifter (Zot:4)
  An angel (Zig:10)
  8 orc warlords
  5 draconian stormcallers
  A caustic shrike zombie (Abyss:1)
  2 juggernaut zombies
  2 broodmothers (Zig:17)
  15 quicksilver oozes
  3 spriggan defenders (Depths:1)
  18 ironbound preservers
  8 draconian annihilators
  9 reapers (Hell)
  16 stone giants
  2 caustic shrike skeletons (Depths:2)
  10 ironbound thunderhulks
  7 vampire knights
  7 war gargoyles
  25 very ugly things
  A juggernaut skeleton (Depths:2)
  An ophan (Abyss:5)
  A putrid mouth (Hell)
  4 green draconians
  A lorocyproca (Hell)
  5 black draconians
  3 minotaurs
  8 red draconians
  A halazid warlock (Hell)
  8 white draconians
  4 dire elephants
  9 deep elf demonologists
  9 spark wasps
  10 deep elf annihilators
  7 purple draconians
  20 starcursed masses
  6 deep elf death magi
  6 yellow draconians
  4 mummy priests
  2 crystal guardians
  An iron golem (Zig:20)
  10 entropy weavers
  10 ettins
  11 fire dragons
  2 merfolk impalers
  12 merfolk javelineers
  8 deep elf high priests
  6 hydras
  2 salamander tyrants (Snake:4)
  27 vault guards
  A rakshasa (Depths:3)
  21 yaktaur captains
  7 great orbs of eyes
  7 ice dragons
  A quicksilver dragon skeleton (Depths:3)
  A jorogumo (Zig:17)
  5 catoblepae
  12 ogre magi
  7 ironbound frosthearts
  9 anacondas
  7 spriggan air magi
  An alligator (Zig:23)
  An alligator snapping turtle (Shoals:4)
  2 radroaches (Zig:17)
  3 deep troll shamans (Depths:4)
  A tengu warrior (Depths:1)
  26 two-headed ogres
  10 merfolk aquamancers
  15 satyrs
  10 death yaks
  30 centaur warriors
  A death scarab (Zig:7)
  21 naga warriors
  A deep troll earth mage (Depths:4)
  11 hell hogs
  4 boulder beetles
  28 thrashing horrors
  3 orc high priests
  24 hell knights
  32 dancing weapons
  3 vampire magi
  7 shock serpents
  6 spriggan berserkers
  20 naga sharpshooters
  25 deep elf knights
  2 storm dragon zombies
  2 iron trolls (Zig:19)
  5 soul eaters
  2 shadow wraiths
  11 sun demons
  10 sea snakes
  3 titan skeletons
  9 wretched stars
  Amaemon (D:9)
  A fire crab (shapeshifter) (D:15)
  18 skeletal warriors
  A goliath frog (Lair:5)
  8 salamander mystics
  A death drake (Gauntlet)
  A sixfirhy (Abyss:5)
  2 spatial maelstroms
  A death drake (shapeshifter) (Vaults:5)
  2 anaconda zombies (Hell)
  2 glowing orange brains
  5 pharaoh ants
  2 swamp dragons (Zig:23)
  22 deep elf archers
  5 flayed ghosts
  25 deep trolls
  12 wizards
  A quicksilver dragon simulacrum (Abyss:5)
  A swamp dragon (shapeshifter) (Vaults:5)
  2 golden dragon skeletons (Depths:2)
  4 orange crystal statues
  20 ironbound convokers
  9 naga ritualists
  Pikel (D:5)
  2 orb spiders
  9 orc knights
  39 harpies
  8 lindwurms
  10 necromancers
  3 obsidian statues
  4 steelbarb worms
  A cyclops (shapeshifter) (D:13)
  36 deep elf pyromancers
  11 phantasmal warriors
  5 oklob plants
  3 tengu skeletons (Depths:2)
  11 mana vipers
  17 salamanders
  39 deep elf zephyrmancers
  12 orc sorcerers
  A manticore (shapeshifter) (Zig:12)
  3 shining eyes
  28 ugly things
  15 fauns
  4 sphinx skeletons (Depths:2)
  4 centaur zombies
  4 cyclopes
  11 elephants
  2 wolf spiders (Zig:17)
  19 manticores
  31 moths of wrath
  A spectral centaur (Gauntlet)
  4 fire giant skeletons (Depths:2)
  5 ice statues
  5 merfolk sirens
  4 apocalypse crabs
  A frost giant skeleton (Depths:2)
  A guardian serpent (shapeshifter) (D:14)
  4 worldbinders
  20 vault sentinels
  53 black mambas
  8 rust devils (Hell)
  A stone giant skeleton (Abyss:1)
  An iron dragon skeleton (Depths:2)
  An eye of devastation (shapeshifter) (Vaults:5)
  24 naga magi
  7 smoke demons
  3 demonic crawlers
  5 guardian serpents
  5 eyes of devastation
  2 orange demons
  6 molten gargoyles (Hell)
  4 torpor snails
  14 water nymphs
  19 cane toads
  6 gargoyles
  A minotaur zombie (Gauntlet)
  A sea snake zombie (Hell)
  A yaktaur (shapeshifter) (Vaults:2)
  3 hellions (Zig:25)
  A rime drake (Lair:5)
  9 unseen horrors
  4 efreet
  10 komodo dragons
  The ghost of bande the Chopper, a novice GrFi of Okawaru (D:5)
  4 freezing wraiths
  2 spriggan skeletons (Depths:2)
  An ice devil (Abyss:4)
  8 trolls
  15 yaktaurs
  A redback zombie (D:14)
  2 queen bees (shapeshifter) (Zig:22)
  A tormentor (Zig:25)
  8 guardian mummies
  34 merfolk
  14 ancient zymes
  A harpy zombie (D:14)
  2 hellwings
  A harpy skeleton (Abyss:1)
  A hydra skeleton (Hell)
  A meliai (Zig:17)
  6 wind drakes
  22 raiju
  A sphinx simulacrum (Depths:3)
  25 blink frogs
  25 large abominations
  9 dream sheep
  11 hornets
  3 tarantellas
  An ettin zombie (Vaults:2)
  5 snapping turtles
  2 tyrant leeches (Lair:5)
  A culicivora (shapeshifter) (Depths:4)
  A culicivora (Vaults:3)
  A jumping spider (Zig:9)
  20 flying skulls
  4 meliai zombies (D:14)
  11 air elementals
  2 shadows
  A wraith (D:13)
  An ettin skeleton (Depths:2)
  25 water elementals
  50 slime creatures
  17 spriggans
  2 spriggans (shapeshifter)
  A dire elephant simulacrum (Abyss:4)
  4 ynoxinuls
  3 vampires
  An ushabti (Zig:21)
  6 basilisks
  A basilisk (shapeshifter) (Vaults:5)
  5 golden eyes
  2 wyverns
  31 yaks
  7 fire elementals
  Eustachio (D:5)
  A golden eye (shapeshifter) (D:13)
  4 chaos spawn
  A sea snake simulacrum (Hell)
  A redback (shapeshifter) (Elf:3)
  6 redbacks
  9 neqoxecs
  3 steam dragons
  5 vampire mosquitoes
  A naga (shapeshifter) (D:15)
  An acid dragon (D:10)
  9 wargs
  51 nagas
  A glowing shapeshifter zombie (Vaults:2)
  9 water moccasins
  Duvessa (D:5)
  3 floating eyes
  A floating eye (shapeshifter) (Depths:4)
  2 glowing shapeshifter skeletons (Depths:2)
  2 hornet zombies (D:14)
  47 orc warriors
  2 black bears
  An alligator simulacrum (Hell)
  A swamp drake (shapeshifter) (Elf:2)
  2 sky beasts
  42 ogres
  7 wolves
  3 boggarts (Vaults:1)
  32 centaurs
  A kobold brigand (D:10)
  4 elf zombies (Ossuary)
  A human zombie (Vaults:2)
  10 bullfrogs
  A necrophage (D:4)
  A scorpion (D:5)
  17 small abominations
  2 earth elementals (Zig:24)
  44 killer bees
  7 electric eels
  4 howler monkeys
  A lava snake (Snake:4)
  3 quasits (Abyss:1)
  24 orc priests
  2 iguanas
  2 boggart zombies (D:14)
  19 orc wizards
  2 lightning spires (Zig:22)
  4 hell rats (Hell)
  10 mummies
  7 adders
  A river rat (shapeshifter) (Vaults:5)
  A shadow imp (D:5)
  3 white imps
  An ufetubus (D:5)
  3 dart slugs
  78 orcs
  8 ball pythons
  9 endoplasms
  A giant cockroach (D:4)
  2 goblins
  6 hobgoblins
  3 jackals (D:3)
  8 quokkas
  7 bats
  7 frilled lizards
  4 gnoll zombies (Ossuary)
  A jackal zombie (Ossuary)
  10 kobolds
  13 rats
  5 bushes (D:14)
  6 plants
  19 starspawn tentacles
  4 tentacles (Shoals:3)
2851 creatures vanquished.

Vanquished Creatures (collateral kills)
  A dread lich (Zig:22)
  An ancient lich (Zig:22)
  A pandemonium lord (Zig:12)
  A Killer Klown (Zot:5)
  2 golden dragons (Zig:22)
  An iron giant (Zig:20)
  5 tentacled monstrosities
  6 Orb Guardians (Zot:5)
  2 titans (Zig:22)
  5 deep elf master archers (Zig:24)
  A quicksilver dragon (Zot:5)
  3 tentacled starspawn
  2 storm dragons
  An azure jelly (Depths:2)
  A revenant (Abyss:5)
  A deep elf sorcerer (Zig:24)
  5 nagarajas (Zig:23)
  2 frost giants (Zig:22)
  4 emperor scorpions
  2 iron dragons
  2 ghost moths
  A draconian shifter (Zot:4)
  3 orc warlords
  A very ugly thing (Depths:2)
  A balrug (Abyss:5)
  2 stone giants
  A draconian annihilator (Zot:5)
  A quicksilver ooze (Depths:2)
  2 green draconians
  A deep elf demonologist (Zig:24)
  2 spark wasps (Zig:15)
  A purple draconian (Zot:5)
  A bunyip (Zig:23)
  7 deep elf annihilators (Zig:24)
  A yellow draconian (Zot:4)
  An iron golem (Zig:20)
  7 merfolk javelineers
  A mummy priest (Zig:7)
  6 crystal guardians (Zig:20)
  An ettin (Zig:19)
  2 deep elf high priests (Zig:24)
  A merfolk impaler (Zig:18)
  6 entropy weavers
  A salamander tyrant (Zig:23)
  2 spriggan air magi (Zig:15)
  A ghost crab (Zig:23)
  A catoblepas (Lair:1)
  4 boulder beetles
  2 merfolk avatars
  3 merfolk aquamancers
  2 alligator snapping turtles
  A jorogumo (Zig:17)
  A hydra (Zig:23)
  An alligator (Zig:23)
  A naga warrior (Abyss:5)
  A satyr (Zig:18)
  2 orc high priests (Zig:19)
  A death scarab (Zig:17)
  2 hell hogs (Hell)
  Sonja (Lair:1)
  A naga sharpshooter (Zig:23)
  3 shock serpents
  A titan skeleton (Depths:3)
  A soul eater (Hell)
  A thrashing horror (Zig:13)
  A sun demon (Abyss:5)
  3 wretched stars
  A fire crab (shapeshifter) (Zig:24)
  2 iron trolls
  A skeletal warrior (Hell)
  3 deep elf knights (Zig:24)
  A pharaoh ant (Zig:17)
  An orange crystal statue (Zig:7)
  A shadow wraith (Zig:22)
  A sea snake (Zig:18)
  3 glowing orange brains
  7 orb spiders
  7 harpies
  4 deep elf archers
  A steelbarb worm (Zig:17)
  6 deep elf zephyrmancers
  12 deep elf pyromancers
  2 necromancers
  3 orc sorcerers
  A faun (shapeshifter) (Zig:22)
  A wolf spider (Zig:23)
  5 manticores
  2 merfolk sirens (Zig:18)
  10 moths of wrath
  4 water nymphs
  3 large abominations (Zig:13)
  2 guardian serpents (Zig:23)
  A naga mage (Zig:23)
  A demonic crawler (Zig:17)
  An apocalypse crab (Zig:13)
  A vault sentinel (Zig:22)
  2 black mambas
  2 smoke demons
  2 gargoyles (Zig:20)
  5 torpor snails
  A molten gargoyle (Hell)
  A sea snake zombie (Hell)
  3 ancient zymes
  A guardian mummy (Zig:21)
  2 wind drakes
  2 trolls (Zig:19)
  A hydra zombie (Hell)
  12 merfolk
  A tyrant leech (Zig:23)
  2 raiju
  2 blink frogs (Lair:5)
  3 snapping turtles
  2 dream sheep (Lair:5)
  A flying skull (Zig:21)
  Sigmund (D:5)
  2 air elementals (Zig:15)
  A jumping spider (Zig:17)
  A ynoxinul (Abyss:5)
  An alligator skeleton (Hell)
  6 water elementals
  2 small abominations (Abyss:5)
  3 yaks
  2 basilisks
  2 ushabtiu (Zig:21)
  A fire elemental (Zig:24)
  A golden eye (Zig:4)
  2 redbacks
  2 neqoxecs (Zig:13)
  Menkaure (D:5)
  A naga (Abyss:5)
  A water moccasin (Lair:5)
  19 orc warriors
  2 alligator simulacra (Hell)
  11 ogres
  4 centaurs
  2 lemures (D:5)
  Blork the orc (D:5)
  A bullfrog (D:8)
  6 earth elementals
  A necrophage (D:6)
  Dowan (D:5)
  A killer bee (Lair:1)
  7 orc priests
  12 starcursed masses
  3 orc wizards
  A hell rat (Hell)
  2 lightning spires (Zig:22)
  11 mummies
  2 adders (D:6)
  An adder zombie (Ossuary)
  10 orcs
  A ball python (D:4)
  A goblin zombie (Ossuary)
  A jackal zombie (Ossuary)
  5 starspawn tentacles (Abyss:5)
406 creatures vanquished.

Vanquished Creatures (others)
  An electric golem (Zot:1)
  2 merfolk javelineers (Zig:16)
  2 hydras (Zig:23)
  An orc high priest (Elf:2)
  A soul eater (Hell)
  A spriggan rider (Zig:23)
  A will-o-the-wisp (Zig:23)
  A manticore (Zig:16)
  A guardian serpent (Zig:23)
  A moth of wrath (Zig:23)
  A water nymph (Zig:18)
  A gargoyle (Zig:20)
  2 merfolk (Zig:23)
  An air elemental (Zig:14)
  A chaos spawn (Abyss:5)
  A foxfire (Zig:23)
  28 fungi
  5 lurking horrors (Abyss:5)
  155 plants
  23 starspawn tentacles
  4 tentacles (Shoals:3)
  4 withered plants (D:14)
238 creatures vanquished.

Grand Total: 3495 creatures vanquished

Notes
Turn   | Place    | Note
-------+----------+-------------------------------------------
     0 | D:1      | wormed the Octopode Conjurer began the quest for the Orb.
     0 | D:1      | Reached XP level 1. HP: 11/11 MP: 3/3
   265 | D:1      | Reached XP level 2. HP: 18/18 MP: 1/5
  1171 | D:1      | Learned a level 2 spell: Searing Ray
  1245 | D:2      | Reached XP level 3. HP: 22/22 MP: 1/6
  1324 | D:2      | Reached skill level 1 in Fighting
  1404 | D:2      | Reached skill level 1 in Unarmed Combat
  1404 | D:2      | Reached skill level 1 in Transmutations
  1977 | D:2      | Reached XP level 4. HP: 12/28 MP: 2/7
  3438 | D:3      | Found a glowing silver altar of Zin.
  3573 | D:3      | Found a shadowy altar of Dithmenos.
  3573 | D:3      | Found a sparkling altar of Nemelex Xobeh.
  3600 | D:3      | Found a faded altar of an unknown god.
  3602 | D:3      | Found a sacrificial altar of Ru.
  3604 | D:3      | Found a faded altar of an unknown god.
  3876 | D:3      | Identified a scroll of acquirement
  3876 | D:3      | Acquired the +3 crown of Dyrovepreva {rElec Int+2 SInv}
  3876 | D:3      | Found the +3 crown of Dyrovepreva {rElec Int+2 SInv}
  4057 | D:4      | Noticed a necrophage
  4074 | D:4      | Killed a necrophage
  4075 | D:4      | Reached skill level 1 in Air Magic
  4075 | D:4      | Reached XP level 5. HP: 16/34 MP: 6/9
  4162 | D:4      | Learned a level 4 spell: Summon Lightning Spire
  4744 | D:4      | Found a glowing golden altar of the Shining One.
  5104 | D:4      | Found a snail-covered altar of Cheibriados.
  5118 | D:4      | Found a stormy altar of Qazlal.
  5315 | D:5      | Entered Level 5 of the Dungeon
  5317 | D:5      | Noticed Eustachio
  5318 | D:5      | Noticed a water moccasin
  5408 | D:5      | Noticed Menkaure
  5416 | D:5      | Killed Menkaure
  5417 | D:5      | Reached XP level 6. HP: 39/39 MP: 5/10
  5590 | D:5      | Noticed Pikel
  5604 | D:5      | Killed Pikel
  5605 | D:5      | Reached XP level 7. HP: 44/44 MP: 1/13
  5815 | D:5      | Reached XP level 8. HP: 49/49 MP: 5/14
  5951 | D:5      | Reached skill level 5 in Transmutations
  6070 | D:5      | Killed Eustachio
  6071 | D:5      | Reached skill level 5 in Air Magic
  6401 | D:5      | Noticed Dowan
  6403 | D:5      | Noticed Duvessa
  6423 | D:5      | Found the Hermit's Pendant {Faith Invo=14 Evo=0 MP+5}
  6470 | D:5      | Noticed Blork the orc
  6484 | D:5      | Killed Blork the orc
  6573 | D:5      | Killed Duvessa
  6575 | D:5      | Killed Dowan
  6657 | D:5      | Noticed Sigmund
  6734 | D:6      | Noticed a yak
  6822 | D:5      | Killed Sigmund
  6963 | D:5      | Found a large runed translucent door.
  6963 | D:5      | Found a large runed translucent door.
  6964 | D:5      | Noticed bande's ghost (novice GrFi)
  6992 | D:5      | Reached XP level 9. HP: 36/54 MP: 4/16
  7000 | D:5      | Learned a level 7 spell: Storm Form
  7462 | D:6      | Reached skill level 5 in Spellcasting
  7654 | D:6      | HP: 1/54 [yak (11)]
  8234 | D:6      | Found a staircase to the Ecumenical Temple.
  8270 | Temple   | Entered the Ecumenical Temple
  8287 | Temple   | Became a worshipper of Gozag Ym Sagoz the Greedy
  8874 | D:7      | Found a sand-covered staircase.
  8879 | Ossuary  | Entered an ossuary
  8922 | Ossuary  | Reached XP level 10. HP: 22/60 MP: 2/18
 10502 | D:8      | Identified the +7 flail of the Candelabrum {flame, rF++}
 10917 | D:8      | Found a staircase to the Lair.
 10917 | D:8      | Noticed an elephant
 10945 | D:8      | Killed an elephant
 11383 | Lair:1   | Entered Level 1 of the Lair of Beasts
 11387 | Lair:1   | Noticed Sonja
 11395 | Lair:1   | Noticed a cane toad
 11413 | Lair:1   | Killed a cane toad
 11414 | Lair:1   | Reached skill level 10 in Transmutations
 11421 | Lair:1   | Killed Sonja
 11422 | Lair:1   | Reached skill level 10 in Air Magic
 11422 | Lair:1   | Reached XP level 11. HP: 35/64 MP: 14/21
 12118 | Lair:1   | Noticed a catoblepas
 12137 | Lair:1   | Killed a catoblepas
 13287 | D:8      | Bought a +4 ring of protection for 504 gold pieces
 13307 | D:8      | Reached XP level 12. HP: 50/70 MP: 18/24
 13526 | Lair:2   | Found a gate leading to a gauntlet.
 13535 | Gauntlet | Entered a Gauntlet
 13535 | Gauntlet | Found a transporter.
 13553 | Gauntlet | Noticed a catoblepas
 13554 | Gauntlet | Found a transporter.
 13563 | Gauntlet | Found a transporter.
 13565 | Gauntlet | Found a large runed translucent door.
 13565 | Gauntlet | Found a large runed translucent door.
 13566 | Gauntlet | Found a large runed translucent door.
 13566 | Gauntlet | Found a large runed translucent door.
 13567 | Gauntlet | Found a large runed translucent door.
 13567 | Gauntlet | Found a large runed translucent door.
 13567 | Gauntlet | Found a runed translucent door.
 13567 | Gauntlet | Found a runed translucent door.
 13567 | Gauntlet | Found a large runed translucent door.
 13568 | Gauntlet | Found a transporter.
 13583 | Gauntlet | Found a transporter.
 13598 | Gauntlet | Found a large runed translucent door.
 13599 | Gauntlet | Found a large runed translucent door.
 13600 | Gauntlet | Found a large runed translucent door.
 13600 | Gauntlet | Found a large runed translucent door.
 13601 | Gauntlet | Found a runed translucent gate.
 13602 | Gauntlet | Found a transporter.
 13602 | Gauntlet | Found a runed translucent gate.
 13603 | Gauntlet | Found a runed translucent gate.
 13604 | Gauntlet | Found a large runed translucent door.
 13604 | Gauntlet | Found a large runed translucent door.
 13604 | Gauntlet | Noticed a five-headed hydra
 13605 | Gauntlet | Found a large runed translucent door.
 13606 | Gauntlet | Found a large runed translucent door.
 13614 | Gauntlet | Found a transporter.
 13616 | Gauntlet | Found a large runed translucent door.
 13620 | Gauntlet | Found a transporter.
 13635 | Gauntlet | Found a transporter.
 13647 | Gauntlet | Found a transporter.
 13657 | Gauntlet | Noticed a dire elephant
 13659 | Gauntlet | Found a transporter.
 13676 | Gauntlet | Found a transporter.
 13694 | Gauntlet | Found a transporter.
 13698 | Gauntlet | Found a transporter.
 13726 | Gauntlet | Found a transporter.
 13726 | Gauntlet | Found a transporter.
 13746 | Gauntlet | Found a transporter.
 13836 | Gauntlet | Found a transporter.
 13866 | Gauntlet | Found the +2 cloak of the Thief {*Fog Slay-2 SInv Stlth+}
 14213 | Gauntlet | Identified the ring of a Thousand Runes {Fire Will+ Str+4
                  | Stlth+}
 14232 | Gauntlet | Identified the +6 plate armour of Untruth {rCorr}
 14232 | Gauntlet | Noticed a minotaur
 14246 | Gauntlet | Killed a minotaur
 14412 | Gauntlet | Identified the +1 cloak of Peatan {Str+9}
 14658 | Lair:2   | Found the +2 ratskin cloak {*Rats rPois rN+ Str-1 Int-1
                  | Dex+1}
 14691 | Lair:2   | Found a staircase to the Shoals.
 14783 | Lair:2   | Found a staircase to the Snake Pit.
 16826 | Lair:4   | Noticed a catoblepas
 16840 | Lair:4   | Killed a catoblepas
 16950 | Lair:4   | Noticed a seven-headed hydra
 16956 | Lair:4   | Killed a seven-headed hydra
 17073 | Lair:4   | Reached XP level 13. HP: 74/74 MP: 19/26
 17748 | Lair:4   | Got the Folio of Relocation
 18110 | Lair:4   | Acquired 900 gold pieces
 18113 | Lair:4   | Reached XP level 14. HP: 80/80 MP: 27/27
 18250 | D:8      | Bought a ring of willpower for 350 gold pieces
 18250 | D:8      | Bought a +5 ring of evasion for 504 gold pieces
 18250 | D:8      | Bought a +6 ring of strength for 504 gold pieces
 18365 | Lair:5   | Entered Level 5 of the Lair of Beasts
 19017 | Lair:5   | Reached skill level 10 in Spellcasting
 19279 | Lair:5   | Found a staircase to the Slime Pits.
 19357 | Lair:5   | Identified the +8 dagger of Tireps {drain, rElec rC- rN+}
 19612 | Lair:5   | Identified the ring of Nihilism {rC+ SInv}
 20046 | Lair:5   | Reached skill level 15 in Transmutations
 20138 | Lair:5   | Reached skill level 15 in Air Magic
 20704 | Lair:5   | Reached XP level 15. HP: 90/90 MP: 22/29
 21555 | D:9      | Reached skill level 5 in Dodging
 21707 | D:9      | Noticed Amaemon
 21722 | D:9      | Killed Amaemon
 22180 | D:10     | Entered Level 10 of the Dungeon
 22583 | D:10     | Found a staircase to the Orcish Mines.
 22805 | D:10     | Found an ancient bone altar of Kikubaaqudgha.
 23010 | D:10     | Bought a book of Changes for 360 gold pieces
 23013 | D:10     | Learned a level 2 spell: Wereblood
 23727 | D:11     | Got the Treatise on Translocational Freezing
 24224 | D:12     | Reached skill level 5 in Fighting
 24272 | D:12     | Reached skill level 5 in Unarmed Combat
 24453 | D:12     | Found Beha's Jewellery Emporium.
 24456 | D:12     | Bought the amulet "Qycsem" {Spirit Harm Str+2 Int+5} for
                  | 672 gold pieces
 24627 | D:12     | Found Bosuw's Magic Scroll Boutique.
 25642 | D:13     | Found a gate to the Vaults.
 26277 | D:14     | Reached XP level 16. HP: 85/99 MP: 22/31
 27327 | D:15     | Entered Level 15 of the Dungeon
 28409 | D:15     | Found a staircase to the Depths.
 28586 | Orc:1    | Entered Level 1 of the Orcish Mines
 28900 | Orc:2    | Entered Level 2 of the Orcish Mines
 28966 | Orc:2    | Found Holom's Armour Shop.
 29326 | Orc:2    | Found Zisef's Distillery.
 29386 | Orc:2    | Found Femooseu's Antique Weapon Shop.
 29387 | Orc:2    | Found Tevadd's Jewellery Shoppe.
 29387 | Orc:2    | Found Yxos's Distillery.
 29400 | Orc:2    | Bought the ring of the Oracle {Wiz Str+4 SInv} for 843 gold
                  | pieces
 29400 | Orc:2    | Bought a +6 ring of intelligence for 612 gold pieces
 29496 | Orc:2    | Found a staircase to the Elven Halls.
 29799 | Orc:2    | Bought the ring "Jaithixu" {rC+ Int+7} for 700 gold pieces
 30341 | Snake:1  | Entered Level 1 of the Snake Pit
 30348 | Snake:1  | Reached XP level 17. HP: 111/111 MP: 24/33
 30395 | Snake:1  | Noticed Asterion
 30403 | Snake:1  | Killed Asterion
 30404 | Snake:1  | Found Keat's Distillery.
 30800 | Snake:1  | Found Diaczuf's General Store.
 31121 | Snake:1  | Reached skill level 10 in Dodging
 31220 | Snake:2  | Noticed Vashnia
 31490 | Snake:2  | Reached skill level 10 in Fighting
 31490 | Snake:2  | Reached skill level 10 in Unarmed Combat
 31644 | Snake:2  | Killed Vashnia
 32198 | Snake:2  | Noticed Jorgrun
 32205 | Snake:2  | Killed Jorgrun
 33345 | Snake:3  | Reached XP level 18. HP: 123/124 MP: 31/34
 33391 | Snake:3  | Found Efaxt's Assorted Antiques.
 33391 | Snake:3  | Found Vidal's Antique Armour Shop.
 33392 | Snake:3  | Found Costrad's Weapon Shop.
 33394 | Snake:3  | Found Xylahecw's Antique Weapon Boutique.
 33405 | Snake:3  | Bought a glowing buckler for 307 gold pieces
 33410 | Snake:3  | Noticed Mlioglotl
 33415 | Snake:3  | Killed Mlioglotl
 34112 | Snake:3  | Acquired a staff of air
 34149 | Snake:4  | Entered Level 4 of the Snake Pit
 35590 | Snake:4  | Got a serpentine rune of Zot
 35755 | Shoals:1 | Entered Level 1 of the Shoals
 35827 | Shoals:1 | Reached XP level 19. HP: 134/134 MP: 35/35
 36213 | Shoals:1 | Found a bloodstained altar of Trog.
 37284 | Shoals:2 | Noticed Polyphemus
 37308 | Shoals:2 | Killed Polyphemus
 37513 | Shoals:2 | Found Waurauko's Assorted Antiques.
 38985 | Shoals:4 | Entered Level 4 of the Shoals
 39008 | Shoals:4 | Identified the +0 pair of gloves of the Gastropod {Fly
                  | Will+}
 39116 | Shoals:4 | Identified the amulet of Zin, Grinning {rElec rC+ Regen+}
 39768 | Shoals:4 | Got a barnacled rune of Zot
 40341 | Vaults:1 | Entered Level 1 of the Vaults
 40492 | Vaults:1 | Reached XP level 20. HP: 119/144 MP: 30/36
 40677 | Vaults:1 | Reached skill level 15 in Dodging
 41317 | Vaults:1 | Reached skill level 15 in Unarmed Combat
 41319 | Vaults:1 | Reached skill level 15 in Fighting
 41800 | Vaults:2 | Noticed Zenata
 41812 | Vaults:2 | Killed Zenata
 42341 | Vaults:2 | Noticed Bai Suzhen
 42347 | Vaults:2 | Killed Bai Suzhen
 42483 | Vaults:2 | Found a staircase to the Crypt.
 42695 | Vaults:2 | Noticed Frederick
 42704 | Vaults:2 | Killed Frederick
 42810 | Vaults:2 | Reached XP level 21. HP: 150/153 MP: 25/37
 42983 | Vaults:2 | Found Ysil's Antique Weapon Shoppe.
 43779 | Vaults:2 | Bought the ring "Keop" {rC+ Str+2 Slay+3} for 683 gold
                  | pieces
 46090 | Vaults:4 | Found a portal to a secret trove of treasure.
 46438 | Vaults:4 | Found the +27 heavy crossbow "Sniper" {heavy, Acc+∞ SInv}
 47136 | Elf:1    | Entered Level 1 of the Elven Halls
 47143 | Elf:1    | Reached XP level 22. HP: 163/163 MP: 29/38
 48058 | Elf:1    | Paralysed by an air elemental for 1 turns
 48866 | Elf:2    | Found a runed translucent gate.
 48869 | Elf:2    | Found a runed translucent gate.
 48870 | Elf:2    | Found a runed translucent gate.
 49734 | Elf:3    | Entered Level 3 of the Elven Halls
 49784 | Elf:3    | Found Jedghuc's Weapon Shoppe.
 49840 | Elf:3    | Gained mutation: Your body sometimes deteriorates upon
                  | taking damage. [a cacodemon]
 49872 | Elf:3    | Reached XP level 23. HP: 162/172 MP: 39/39
 49896 | Elf:3    | Identified the +6 mace of Enkorph {flame, rC+}
 49912 | Elf:3    | Identified the amulet "Kuruh" {RegenMP rF+ rN+ Dex+4}
 50143 | Elf:3    | Found the +9 scales of the Dragon King {rPois rF+ rC+
                  | Will+}
 50155 | Elf:3    | Identified the ring "Qaycoixt" {Fly rElec rF- rN+ Dex+2}
 50255 | Elf:3    | Identified the +7 glaive "Miasoudd" {spect, Dex+6 SInv}
 50779 | Elf:3    | Found a shimmering blue altar of Sif Muna.
 51463 | Vaults:5 | Entered Level 5 of the Vaults
 51484 | Vaults:5 | Noticed Saint Roka
 51534 | Vaults:5 | Killed Saint Roka
 51541 | Vaults:5 | Noticed Xtahua
 51541 | Vaults:5 | Noticed a dread lich
 51555 | Vaults:5 | Killed Xtahua
 51560 | Vaults:5 | Paralysed by a dread lich for 3 turns
 51565 | Vaults:5 | Killed a dread lich
 51638 | Vaults:5 | Lost mutation: Your body sometimes deteriorates upon taking
                  | damage. [potion of mutation]
 51638 | Vaults:5 | Gained mutation: You expend magic power (3 MP) to
                  | strengthen your wands. [potion of mutation]
 51638 | Vaults:5 | Gained mutation: You are covered in fur. (AC +1) [potion of
                  | mutation]
 51638 | Vaults:5 | Gained mutation: You are frail. (-10% HP) [potion of
                  | mutation]
 51638 | Vaults:5 | Gained mutation: You have very sharp teeth. [potion of
                  | mutation]
 51639 | Vaults:5 | Lost mutation: You are frail. (-10% HP) [potion of
                  | mutation]
 51639 | Vaults:5 | Lost mutation: You are covered in fur. (AC +1) [potion of
                  | mutation]
 51639 | Vaults:5 | Lost mutation: You have very sharp teeth. [potion of
                  | mutation]
 51639 | Vaults:5 | Gained mutation: Your spells are a little harder to cast,
                  | but a little more powerful. [potion of mutation]
 51639 | Vaults:5 | Lost mutation: Your spells are a little harder to cast, but
                  | a little more powerful. [potion of mutation]
 51639 | Vaults:5 | Gained mutation: You are partially covered in iridescent
                  | scales. (AC +2) [potion of mutation]
 51919 | Vaults:5 | Noticed Sojobo
 51927 | Vaults:5 | Killed Sojobo
 51953 | Vaults:5 | Reached XP level 24. HP: 175/183 MP: 39/39
 52021 | Vaults:5 | Got the Secrets of Non-Euclidean Graupel
 52127 | Vaults:5 | Found the +10 morningstar "Eos" {elec, Halo rElec}
 52162 | Vaults:5 | Got a silver rune of Zot
 52570 | Vaults:5 | Noticed Mara
 52577 | Vaults:5 | Killed Mara
 52761 | Vaults:5 | Identified the +5 quarterstaff of Ynui {distort, *Rage rC+
                  | rCorr Str+3}
 52764 | Vaults:5 | Identified the +8 rapier of Tegoiffo {drain, *Corrode rElec
                  | rPois Str+7}
 53307 | Slime:1  | Entered Level 1 of the Pits of Slime
 53568 | Slime:5  | Entered Level 5 of the Pits of Slime
 53632 | Slime:5  | Noticed the Royal Jelly
 53971 | Slime:5  | Killed the Royal Jelly
 54062 | Slime:5  | Got a slimy rune of Zot
 54177 | Slime:5  | Identified the +3 battleaxe of Execution {holy, rPois}
 54192 | Slime:5  | Identified the ring "Fiemmal" {rF- rCorr Dex+6 Slay+2}
 54212 | Slime:5  | Identified the +6 battleaxe "Bavy" {freeze, Will+ Int+3
                  | Stlth+}
 54839 | D:5      | Killed bande's ghost
 55084 | Depths:1 | Entered Level 1 of the Depths
 55161 | Depths:1 | Noticed the Enchantress
 55189 | Depths:1 | Killed the Enchantress
 55401 | Depths:1 | Found a hazy altar of Hepliaklqana.
 55638 | Depths:1 | Reached skill level 1 in Necromancy
 55856 | Depths:1 | Found Big Baal Hell's Store.
 55897 | Depths:1 | Found a gateway to Hell.
 55900 | Depths:1 | Bought Mous's Information on the Singularity for 1716 gold
                  | pieces
 55904 | Depths:1 | Learned a level 3 spell: Vhi's Electric Charge
 55912 | Depths:1 | Learned a level 6 spell: Death Channel
 56418 | D:8      | Bought 3 scrolls of blinking for 247 gold pieces
 56666 | Elf:3    | Bought a scroll of blinking for 150 gold pieces
 57090 | Vaults:4 | You paid a toll of 6 scrolls of blinking to enter a
                  | treasure trove
 57091 | Trove    | Entered a treasure trove
 57165 | Trove    | Reached skill level 5 in Necromancy
 57165 | Trove    | Reached XP level 25. HP: 192/192 MP: 39/39
 58052 | Depths:2 | Found a one-way gate to the infinite horrors of the Abyss.
 58317 | Depths:2 | Reached XP level 26. HP: 199/199 MP: 39/39
 58388 | Depths:2 | Found a one-way gate leading to the halls of Pandemonium.
 58389 | Depths:2 | You are sucked into a shaft and drop 1 floor!
 58445 | Depths:3 | Noticed Margery
 58454 | Depths:3 | Noticed Grunn
 58462 | Depths:3 | Killed Margery
 58463 | Depths:3 | Reached skill level 10 in Necromancy
 58477 | Depths:3 | Identified the +0 morningstar of the Eternal Warrior
                  | {venom, rElec rF+ rCorr Str+4}
 58489 | Depths:3 | Killed Grunn
 58502 | Depths:3 | Paralysed by a floating eye for 2 turns
 58738 | Depths:3 | Identified the +7 great sword of Skirmishing {venom, rPois
                  | rF- Dex+8}
 58763 | Depths:3 | Found a one-way gateway to a ziggurat.
 60039 | Depths:2 | Found a runed translucent gate.
 60039 | Depths:2 | Found a runed translucent gate.
 60040 | Depths:2 | Found a runed translucent gate.
 60040 | Depths:2 | Noticed Barug's ghost (adept TrMo)
 60078 | Depths:2 | Killed Barug's ghost
 60156 | Depths:2 | Reached skill level 15 in Necromancy
 60156 | Depths:2 | Reached XP level 27. HP: 205/205 MP: 39/39
 60345 | Depths:4 | Entered Level 4 of the Depths
 60714 | Depths:4 | Found the +8 Vampire's Tooth {megavamp}
 60741 | Depths:4 | Found Vynumn's Magic Scroll Shoppe.
 61489 | Depths:4 | Found a broken altar of Ashenzari.
 61633 | Depths:4 | Found a gate to the Realm of Zot.
 61841 | Depths:3 | Voluntarily entered the Abyss.
 61903 | Abyss:1  | Found a broken altar of Ashenzari.
 62036 | Abyss:1  | Found a broken altar of Ashenzari.
 62095 | Abyss:1  | Found an ancient bone altar of Kikubaaqudgha.
 62171 | Abyss:1  | Paralysed by an air elemental for 1 turns
 62206 | Abyss:1  | Found a broken altar of Ashenzari.
 62391 | Abyss:3  | Found a corrupted altar of Lugonu.
 62522 | Abyss:4  | Gained mutation: You are dopey. (Int -2) [a neqoxec]
 62621 | Abyss:5  | Found a corrupted altar of Lugonu.
 62651 | Abyss:5  | Got an abyssal rune of Zot
 62911 | Abyss:5  | Gained mutation: Your body sometimes deteriorates upon
                  | taking damage. [a neqoxec]
 63031 | Abyss:5  | Paralysed by accursed screaming for 2 turns
 63034 | Depths:3 | Escaped the Abyss
 63115 | Depths:3 | Lost mutation: You expend magic power (3 MP) to strengthen
                  | your wands. [potion of mutation]
 63115 | Depths:3 | Lost mutation: You are dopey. (Int -2) [potion of mutation]
 63115 | Depths:3 | Gained mutation: You are clumsy. (Dex -2) [potion of
                  | mutation]
 63115 | Depths:3 | Gained mutation: Your spells are a little easier to cast,
                  | but a little less powerful. [potion of mutation]
 63115 | Depths:3 | Gained mutation: You have a beak for a mouth. [potion of
                  | mutation]
 63116 | Depths:3 | Lost mutation: Your body sometimes deteriorates upon taking
                  | damage. [potion of mutation]
 63116 | Depths:3 | Lost mutation: Your spells are a little easier to cast, but
                  | a little less powerful. [potion of mutation]
 63116 | Depths:3 | Gained mutation: You possess an exceptional clarity of
                  | mind. [potion of mutation]
 63116 | Depths:3 | Gained mutation: Your spells are a little harder to cast,
                  | but a little more powerful. [potion of mutation]
 63117 | Depths:3 | Lost mutation: You are partially covered in iridescent
                  | scales. (AC +2) [potion of mutation]
 63117 | Depths:3 | Lost mutation: You have a beak for a mouth. [potion of
                  | mutation]
 63117 | Depths:3 | Lost mutation: You are clumsy. (Dex -2) [potion of
                  | mutation]
 63117 | Depths:3 | Lost mutation: You possess an exceptional clarity of mind.
                  | [potion of mutation]
 63117 | Depths:3 | Gained mutation: You are weak. (Str -2) [potion of
                  | mutation]
 63117 | Depths:3 | Gained mutation: You passively map a small area around you.
                  | [potion of mutation]
 63118 | Depths:3 | Lost mutation: Your spells are a little harder to cast, but
                  | a little more powerful. [potion of mutation]
 63118 | Depths:3 | Lost mutation: You passively map a small area around you.
                  | [potion of mutation]
 63118 | Depths:3 | Gained mutation: You have hidden genetic potential. [potion
                  | of mutation]
 63118 | Depths:3 | Gained mutation: You have a pair of small antennae on your
                  | head. [potion of mutation]
 63118 | Depths:3 | Gained mutation: You occasionally lose the ability to read
                  | scrolls when taking damage. [potion of mutation]
 63118 | Depths:3 | Gained mutation: You have a pair of antennae on your head.
                  | [potion of mutation]
 63119 | Depths:3 | Lost mutation: You are weak. (Str -2) [potion of mutation]
 63119 | Depths:3 | Lost mutation: You have hidden genetic potential. [potion
                  | of mutation]
 63119 | Depths:3 | Lost mutation: You have a pair of antennae on your head.
                  | [potion of mutation]
 63119 | Depths:3 | Gained mutation: You have hidden genetic potential. [potion
                  | of mutation]
 63119 | Depths:3 | Gained mutation: You have great hidden genetic potential.
                  | [potion of mutation]
 63120 | Depths:3 | Lost mutation: You have a pair of small antennae on your
                  | head. [potion of mutation]
 63120 | Depths:3 | Lost mutation: You occasionally lose the ability to read
                  | scrolls when taking damage. [potion of mutation]
 63120 | Depths:3 | Gained mutation: You are frail. (-10% HP) [potion of
                  | mutation]
 63120 | Depths:3 | Gained mutation: You are agile. (Dex +4, Str/Int -1)
                  | [potion of mutation]
 63121 | Depths:3 | Lost mutation: You are frail. (-10% HP) [potion of
                  | mutation]
 63121 | Depths:3 | Lost mutation: You are agile. (Dex +4, Str/Int -1) [potion
                  | of mutation]
 63121 | Depths:3 | Gained mutation: You are partially covered in large bone
                  | plates. (SH +4) [potion of mutation]
 63481 | Orc:2    | Bought a potion of mutation for 112 gold pieces
 63595 | Elf:3    | Bought a potion of mutation for 200 gold pieces
 63599 | Elf:3    | Bought the ring "Yridghapt" {+Blink rCorr EV+5 Dex+4} for
                  | 768 gold pieces
 64049 | Zot:1    | Entered Level 1 of the Realm of Zot
 64612 | Zot:1    | Found Ymakouq's Changing Room.
 64624 | Zot:1    | Bought a potion of mutation for 128 gold pieces
 66790 | Zot:3    | Acquired the Compilation of Rot
 66801 | Zot:3    | Learned a level 8 spell: Infestation
 68022 | Zot:5    | Entered Level 5 of the Realm of Zot
 68495 | Zot:5    | Noticed an orb of fire
 68497 | Zot:5    | Noticed an orb of fire
 68497 | Zot:5    | Noticed an orb of fire
 68500 | Zot:5    | Killed an orb of fire
 68504 | Zot:5    | Killed an orb of fire
 68512 | Zot:5    | Killed an orb of fire
 68520 | Zot:5    | Noticed an orb of fire
 68525 | Zot:5    | Noticed an orb of fire
 68527 | Zot:5    | Noticed an orb of fire
 68539 | Zot:5    | Killed an orb of fire
 68540 | Zot:5    | Gained mutation: You are frail. (-10% HP) [an orb of fire]
 68541 | Zot:5    | Killed an orb of fire
 68544 | Zot:5    | Killed an orb of fire
 69270 | Zot:5    | Noticed an ancient lich
 69275 | Zot:5    | Killed an ancient lich
 69513 | Zot:5    | Lost mutation: You are partially covered in large bone
                  | plates. (SH +4) [potion of mutation]
 69513 | Zot:5    | Lost mutation: You have great hidden genetic potential.
                  | [potion of mutation]
 69513 | Zot:5    | Lost mutation: You are frail. (-10% HP) [potion of
                  | mutation]
 69513 | Zot:5    | Gained mutation: Your muscles are strong. (Str +4, Int/Dex
                  | -1) [potion of mutation]
 69513 | Zot:5    | Gained mutation: You are agile. (Dex +4, Str/Int -1)
                  | [potion of mutation]
 69513 | Zot:5    | Gained mutation: You expend magic power (3 MP) to
                  | strengthen your wands. [potion of mutation]
 69657 | Hell     | Entered the Vestibule of Hell
 69658 | Hell     | Noticed Geryon
 69734 | Hell     | Killed Geryon
 69902 | Hell     | Found a gateway to the Iron City of Dis.
 69954 | Hell     | Found a gateway to the ashen valley of Gehenna.
 70159 | Hell     | Found a gateway to the decaying netherworld of Tartarus.
 70286 | Hell     | Found a gateway to the freezing wastes of Cocytus.
 70424 | Hell     | Bought a manual of Fighting for 2000 gold pieces
 70523 | Zig:1    | Entered Level 1 of a ziggurat
 70591 | Zig:2    | Entered Level 2 of a ziggurat
 70591 | Zig:2    | Noticed Jienos the pandemonium lord
 70604 | Zig:2    | Killed Jienos the pandemonium lord
 70696 | Zig:3    | Entered Level 3 of a ziggurat
 70863 | Zig:4    | Entered Level 4 of a ziggurat
 70967 | Zig:5    | Entered Level 5 of a ziggurat
 70968 | Zig:5    | Noticed an ancient lich
 70968 | Zig:5    | Noticed an ancient lich
 70982 | Zig:5    | Killed an ancient lich
 70991 | Zig:5    | Killed an ancient lich
 70992 | Zig:5    | Reached skill level 27 in Necromancy
 71024 | Zig:5    | Got the Tome of Coarse Intoxication
 71065 | Zig:6    | Entered Level 6 of a ziggurat
 71068 | Zig:6    | Noticed a juggernaut
 71070 | Zig:6    | Killed a juggernaut
 71163 | Zig:7    | Entered Level 7 of a ziggurat
 71170 | Zig:7    | Noticed a royal mummy
 71174 | Zig:7    | HP: 1/205 [mummy priest/divine providence (14)]
 71188 | Zig:7    | HP: 5/298 [royal mummy/divine providence (13)]
 71194 | Zig:7    | Killed a royal mummy
 71200 | Zig:7    | Gained mutation: Your mind is acute. (Int +4, Str/Dex -1)
                  | [hidden potential]
 71336 | Zig:7    | Identified the ring of Egothral {rF+ Dex+4}
 71343 | Zig:7    | Identified the +5 morningstar of Jimniera {flame, rC- Str+3
                  | Int+3}
 71366 | Zig:8    | Entered Level 8 of a ziggurat
 71519 | Zig:9    | Entered Level 9 of a ziggurat
 71765 | Zig:10   | Entered Level 10 of a ziggurat
 71780 | Zig:10   | Identified the +4 quarterstaff "Tanuddisk" {freeze, rN++
                  | Dex+3}
 71914 | Zig:11   | Entered Level 11 of a ziggurat
 71918 | Zig:11   | Noticed a juggernaut
 71934 | Zig:11   | Killed a juggernaut
 72038 | Zig:11   | Identified the +9 hand axe "Udghuozo" {freeze, rF+ rN+
                  | Str+6}
 72089 | Zig:12   | Entered Level 12 of a ziggurat
 72096 | Zig:12   | Noticed Xiaxaeca the pandemonium lord
 72096 | Zig:12   | Noticed Arifog the pandemonium lord
 72099 | Zig:12   | Noticed Sathratase the pandemonium lord
 72099 | Zig:12   | Noticed Heff the pandemonium lord
 72105 | Zig:12   | Killed Arifog the pandemonium lord
 72109 | Zig:12   | Killed Heff the pandemonium lord
 72111 | Zig:12   | Killed Sathratase the pandemonium lord
 72120 | Zig:12   | Killed Xiaxaeca the pandemonium lord
 72262 | Zig:12   | Identified the +7 spear "Geobbafru" {freeze, *Noise rN+++
                  | Str-2 SInv}
 72264 | Zig:12   | Got Leut's Secrets of Scorching Snow
 72309 | Zig:13   | Entered Level 13 of a ziggurat
 72314 | Zig:13   | Found the +8 whip "Snakebite" {venom, curare, rPois}
 72329 | Zig:13   | Paralysed by accursed screaming for 2 turns
 72405 | Zig:13   | Identified the +8 broad axe "Xuumiror" {flame, rN+ Dex+3}
 72453 | Zig:13   | Identified the amulet of Zadofuepp {Faith rPois}
 72500 | Zig:13   | Identified the +0 leather armour of the Thirsty Lovers
                  | {rC++ rN+ Int-5}
 72505 | Zig:14   | Entered Level 14 of a ziggurat
 72528 | Zig:14   | Found the +4 moon troll leather armour {Spirit, Regen++
                  | MP+5}
 72628 | Zig:14   | Identified the +7 war axe of the Usurping Gods {flame,
                  | Str+3 Stlth+}
 72632 | Zig:14   | Identified the ring of Vokhoon {rPois Dex+4}
 72687 | Zig:14   | Identified the +1 leather armour of Action {-Tele Regen+
                  | Slay+2}
 72692 | Zig:15   | Entered Level 15 of a ziggurat
 72703 | Zig:15   | Paralysed by an air elemental for 1 turns
 72704 | Zig:15   | Found the +12 glaive of Prune {freeze, Prune}
 72892 | Zig:16   | Entered Level 16 of a ziggurat
 72944 | Zig:16   | Gained mutation: You possess an exceptional clarity of
                  | mind. [hidden potential]
 72944 | Zig:16   | Lost mutation: You have hidden genetic potential. [hidden
                  | potential expressed]
 73069 | Zig:16   | Got the Essays on the Inferno and Freezing
 73156 | Zig:17   | Entered Level 17 of a ziggurat
 73175 | Zig:17   | Found the +7 captain's cutlass {speed, disarm}
 73334 | Zig:17   | Identified the +5 cloak of Dogmatism {rElec}
 73342 | Zig:17   | Identified the +1 dagger of the Lumpy Stories {heavy,
                  | rCorr}
 73343 | Zig:17   | Identified the amulet "Osilito" {RegenMP Rampage Int+3}
 73355 | Zig:17   | Identified the +7 sling of Plunder {freeze, rElec rN+}
 73462 | Zig:18   | Entered Level 18 of a ziggurat
 73477 | Zig:18   | Found the +0 staff of Battle
 73507 | Zig:18   | Identified the +10 hand axe "Tota" {venom, rPois Will++
                  | Str+2 Int-5}
 73588 | Zig:18   | Identified the +8 battleaxe of Dim Light {elec, rPois rF+
                  | Str+4}
 73733 | Zig:19   | Entered Level 19 of a ziggurat
 73744 | Zig:19   | Noticed a juggernaut
 73745 | Zig:19   | Noticed a juggernaut
 73745 | Zig:19   | Noticed a juggernaut
 73750 | Zig:19   | Killed a juggernaut
 73754 | Zig:19   | Killed a juggernaut
 73764 | Zig:19   | Killed a juggernaut
 73965 | Zig:19   | Identified the +4 plate armour of the End {rF+ Regen+}
 74056 | Zig:20   | Entered Level 20 of a ziggurat
 74291 | Zig:20   | Found the +5 scythe "Finisher" {speed, eviscerate}
 74305 | Zig:20   | Got the Monograph on the Fifth Circle and the Zephyr
 74308 | Zig:20   | Identified the +6 short sword of Starshine {flame, Int+4
                  | Stlth+}
 74364 | Zig:21   | Entered Level 21 of a ziggurat
 74401 | Zig:21   | Noticed a royal mummy
 74404 | Zig:21   | Noticed a royal mummy
 74404 | Zig:21   | Noticed a royal mummy
 74404 | Zig:21   | Noticed a royal mummy
 74404 | Zig:21   | Noticed a royal mummy
 74404 | Zig:21   | Noticed a royal mummy
 74408 | Zig:21   | Noticed a royal mummy
 74409 | Zig:21   | Found the +8 arc blade {discharge, rElec}
 74421 | Zig:22   | Entered Level 22 of a ziggurat
 74632 | Zig:22   | Noticed an ancient lich
 74632 | Zig:22   | Noticed a dread lich
 74633 | Zig:22   | Noticed a dread lich
 74635 | Zig:22   | Noticed an ancient lich
 74635 | Zig:22   | Noticed a dread lich
 74635 | Zig:22   | Noticed an ancient lich
 74635 | Zig:22   | Found the +3 Mad Mage's Maulers {Infuse+∞ VampMP -Cast}
 74635 | Zig:22   | Found the +4 skin of Zhor {*Englaciate rC+++ SInv}
 74636 | Zig:22   | Killed an ancient lich
 74638 | Zig:22   | Killed a dread lich
 74639 | Zig:22   | Killed a dread lich
 74640 | Zig:22   | Reached skill level 27 in Unarmed Combat
 74641 | Zig:22   | Killed an ancient lich
 74654 | Zig:22   | Killed a dread lich
 74656 | Zig:22   | Identified the ring "Roapp" {Fly rCorr Str+2}
 74657 | Zig:22   | Killed an ancient lich
 74767 | Zig:22   | Identified the +6 spear "Weokeuf" {protect, rPois rCorr
                  | Str+6 Int-2}
 74779 | Zig:22   | Got the Catalogue of Wyrd
 74886 | Zig:23   | Entered Level 23 of a ziggurat
 75165 | Zig:23   | Got the Spellbook of the Congregation
 75286 | Zig:24   | Entered Level 24 of a ziggurat
 75297 | Zig:24   | Paralysed by an air elemental for 1 turns
 75352 | Zig:24   | Found the +3 pair of mountain boots {steadfast, rC+}
 75496 | Zig:24   | Identified the ring "Pycsis" {rPois rF++ Will+ Int+3
                  | Stlth-}
 75686 | Zig:25   | Entered Level 25 of a ziggurat
 75725 | Zig:25   | HP: 2/217 [Brimstone Fiend (14)]
 75744 | Zig:25   | Noticed a dread lich
 75760 | Zig:25   | HP: 10/219 [balrug/fireball (8)]
 75760 | Zig:25   | Killed from afar by a hellephant

Illustrated notes

Levels and vault maps discovered:
D:1:      psy_arrival_conway, layout_loops_cross, nrook_loot_triangle,
          corexii_item_surrounded_by_moat
D:2:      layout_basic
D:3:      layout_rooms, lemuel_tele_altar, chequers_temple_overflow_minitemple
D:4:      layout_loops_ring, mainiacjoe_overflow_swirl,
          nicolae_tso_swordbearing_angel
D:5:      layout_loops_ring, ebering_ghost_disaster_area,
          minmay_misc_feat_cross, uniq_menkaure, uniq_duvessa, uniq_pikel,
          uniq_blork_the_orc, uniq_sigmund, uniq_eustachio
D:6:      layout_rooms, temple_green
D:7:      layout_loops_ring, enter_ossuary_5, grunt_ministairs_10
D:8:      layout_basic, david_lair_generic
D:9:      layout_basic, uniq_amaemon
D:10:     kennysheep_ambush_hall, layout_basic,
          mainiacjoe_overflow_cross_hatched
D:11:     layout_basic, dk_vineyard_3, serial_bayou_ford_a, minivault_5
D:12:     minmay_chambers_of_sixes, layout_loops_ring, serial_shops,
          nicolae_shop_behind_doors, shop_fountains
D:13:     layout_irregular_city, david_vaults_4
D:14:     layout_roguey, minmay_hedge_maze, serial_undead, serial_undead_e,
          serial_undead_d, serial_undead_f, serial_undead_f, amethyst_killhole
D:15:     gammafunk_enter_depths_forms, layout_irregular_city,
          nicolae_figureground_sparkle
Temple:   compressed_dpeg_circular_temple
Lair:1:   wad_woods_minihive, layout_long_grid, chequers_serial_rivers_micro_d,
          grunt_megastairs_1, uniq_sonja
Lair:2:   layout_chaotic_city, minmay_shoals_entry_beasts, dummy_snake_entry,
          gauntlet_entry_generic, columned_hall_lemuel,
          nicolae_quartered_pool_medium, lemuel_fruit_fields, grunt_megastairs_2
Lair:3:   layout_gridlike, serial_bayou_pond_a, grunt_megastairs_5
Lair:4:   layout_layer_cave
Lair:5:   minmay_lair_end_frog_pond, layout_cave_pods, slime_entry_1,
          minivault_23
Shoals:1: layout_shoals, lemuel_centaur_altar
Shoals:2: layout_shoals, serial_shops, nicolae_shop_hallway_plus,
          uniq_polyphemus
Shoals:3: layout_shoals
Shoals:4: shoals_end_hellmonk_lost_city
Snake:1:  layout_cave_shapes, serial_shops, shop, minmay_shop_star,
          uniq_asterion
Snake:2:  layout_layer_cave, uniq_vashnia, uniq_jorgrun
Snake:3:  nicolae_cobra_stairs, layout_misc_corridors, minmay_shoptagon,
          serial_bayou_shore_a, uniq_mlioglotl
Snake:4:  minmay_snake_end_coiled, layout_basic
Slime:1:  layout_caves
Slime:2:  cheibrodos_slime_lost_civilization_3, layout_caves
Slime:3:  layout_caves, nicolae_slime_getting_an_eyeful
Slime:4:  layout_caves
Slime:5
Orc:1:    layout_diamond_mine, basic_altar
Orc:2:    st_orc_ogre_mass, layout_diamond_mine, serial_shops,
          nicolae_shop_hallway_plus, nicolae_orc_rockfall
Elf:1:    elf_arrival_002, layout_onion_city
Elf:2:    elven_hall_of_blades_hangedman_original [mumra_blade_entry_bloodbath],
          layout_gridlike, hangedman_elf_targetted_burst
Elf:3:    grunt_elf_hall_branching, layout_geoelf_castle, serial_shops, shop,
          david_defended_altar_elf
Vaults:1: v_pattern_2, nicolae_vaults_network_barrier,
          nicolae_vaults_angled_halls, hangedman_vaults_nails, v_misc_28,
          vaults_room_grid, v_misc_5, vaults_dpeg_emergency_exit,
          layout_vaults_big_cross
Vaults:2: grunt_vaults_funnel, nicolae_vaults_three_branches,
          nicolae_vaults_little_squares_4, nicolae_vaults_gold_heap,
          hangedman_vaults_cutoff, minmay_crypt_entry_simple_statues,
          hangedman_vaults_snaps, v_pattern_5, vaults_room_hangedman_quadrants,
          v_alt_pattern_2, layout_vaults_quadrants, serial_shops,
          nicolae_shop_overgrown_old_shop, uniq_zenata, uniq_bai_suzhen,
          uniq_frederick
Vaults:3: ontoclasm_vaults_misaligned, nicolae_vaults_halls_meeting,
          ontoclasm_vaults_misaligned, nicolae_vaults_theta,
          vaults_mumra_minichess, ontoclasm_vaults_ring_large,
          ontoclasm_vaults_spin, v_rooms_5, ontoclasm_vaults_misaligned,
          hangedman_vaults_capsules, nicolae_vaults_little_squares_5,
          nicolae_vaults_diagonal_hallway_6, ontoclasm_vaults_loading_screen,
          layout_vaults_ring
Vaults:4: v_misc_27, ontoclasm_vaults_ring_square, v_rooms_3, v_rooms_6,
          grunt_vaults_focal, nicolae_vaults_yaktaur_gun_rack,
          nicolae_vaults_alarming, dpeg_vaults_pockets_of_resistance, v_misc_29,
          vaults_mumra_chevron_long, v_alt_pattern_4, vaults_room_pools,
          v_misc_19, layout_vaults_omnibox, nicolae_trove_entry_crossroad
Vaults:5: uniq_mara, uniq_saint_roka, uniq_xtahua, uniq_sojobo
Depths:1: layout_forbidden_donut, nicolae_hell_entry_big_baal_hell,
          nicolae_water_bricks, grunt_decor_junction,
          worldfamousw_hep_ancestral_shrine, uniq_enchantress
Depths:2: minmay_skeleton_keep, layout_gridlike, chequers_serial_rivers_small_b,
          gammafunk_ghost_ooze, serial_corexii_hall, corexii_hall_statues_l,
          chequers_hall_statues_corner_a, pf_hell_entry_tar_river, abyss_entry,
          pan_entry, infiniplex_staircase_split_hallway, firewood_loft
Depths:3: minmay_the_grid_octo_tiled_squarecenter_mashed
          [minmay_the_grid_octo_concentric,
          minmay_the_grid_octo_tetromino_candy, minmay_the_grid_octo_chip,
          minmay_the_grid_octo_clover_2,
          minmay_the_grid_square_5x5_megaprize_checkered,
          minmay_the_grid_square_5x5_almost_minimal,
          minmay_the_grid_square_5x5_plus,
          minmay_the_grid_square_5x5_checkered_statues,
          minmay_the_grid_square_5x5_v], layout_gridville, enter_ziggurat_a,
          hell_entry, minmay_room_of_horrors, nrook_pool_corridor, drop_trap,
          hangedman_abyss_or_decor_passed, uniq_grunn, uniq_margery
Depths:4: grunt_twist_and_shout, layout_basic, evilmike_ruin_ashenzari,
          pf_vacation_house_of_asmodeus, serial_shops, shop,
          minmay_guarded_unrand_vampires_tooth, serial_bayou_shore_b
Hell
Zot:1:    lemuel_draconian_sentries_small, layout_basic,
          nicolae_transmutations_shop
Zot:2:    layout_twisted_circle
Zot:3:    layout_onion_interference
Zot:4:    layout_onion, skrybe_zot_glass_1
Zot:5:    layout_cellular_growth, grunt_megastairs_4
Zig:25:   ziggurat_pillar_centre_c, ziggurat_pillar_centre_c,
          ziggurat_pillar_centre_c, ziggurat_pillar_centre_c

Skill      XL: |  1  2  3  4  5  6  7  8  9 10 11 12 13 14 15 16 17 18 19 20 21 22 23 24 25 26 27 |
---------------+----------------------------------------------------------------------------------+-----
Fighting       | 1 4 6 8 11 13 14 16 17 18 20 21 25 | 25.7
Unarmed Combat | 1 4 6 8 11 13 14 16 17 18 20 21 27 | 27.0
Transmutations | 1 2 3 4 6 8 10 11 13 14 15 16 19 | 19.0
Air Magic      | 1 2 4 6 8 10 11 13 14 15 16 19 | 19.0
Spellcasting   | 3 4 5 7 8 9 10 11 12 | 12.0
Dodging        | 4 6 9 11 13 14 16 17 18 20 21 25 | 25.6
Necromancy     | 5 8 15 27 | 27.0
Stealth        | |  2.6
Conjurations   | |  4.0

Action                   |  1- 3 |  4- 6 |  7- 9 | 10-12 | 13-15 | 16-18 | 19-21 | 22-24 | 25-27 || total
-------------------------+-------+-------+-------+-------+-------+-------+-------+-------+-------++-------
Melee: Unarmed           |    18 |    15 |    44 |   359 |   528 |   623 |   588 |   651 |  1399 ||  4225
       Constrict         |     5 |     1 |     9 |     4 |       |       |       |     3 |     5 ||    27
       Tentacles         |     1 |     2 |     8 |     4 |     7 |     1 |     2 |     6 |    11 ||    42
       Punch             |       |       |     1 |     8 |    27 |    31 |    54 |    74 |   248 ||   443
       Staff             |       |       |       |       |       |     5 |     9 |    12 |    39 ||    65
 Cast: Magic Dart        |    43 |     1 |     5 |       |       |       |       |       |       ||    49
       Searing Ray       |    11 |    53 |    26 |    12 |       |       |       |       |       ||   102
       Summon Lightning  |       |     3 |    19 |    18 |    15 |       |       |       |       ||    55
       Storm Form        |       |       |     1 |    30 |    60 |    56 |    76 |    59 |   115 ||   397
       Wereblood         |       |       |       |       |    18 |    48 |    68 |    55 |   115 ||   304
       Death Channel     |       |       |       |       |       |       |       |     1 |   105 ||   106
       Infestation       |       |       |       |       |       |       |       |       |    17 ||    17
       Vhi's Electric Ch |       |       |       |       |       |       |       |       |    11 ||    11
Invok: Call Merchant     |       |       |       |     1 |     2 |     1 |     2 |     4 |     3 ||    13
       Potion Petition   |       |       |       |       |       |       |       |       |    17 ||    17
 Abil: Blinkbolt         |       |       |       |     5 |     1 |     4 |    13 |     3 |    17 ||    43
Evoke: Wand              |       |       |       |     1 |       |       |       |       |     4 ||     5
  Use: Scroll            |     2 |     9 |     2 |    15 |    10 |     1 |       |     2 |     1 ||    42
       Potion            |       |     2 |     4 |     3 |     1 |     2 |     1 |     8 |    31 ||    52
 Stab: Distracted        |       |       |     1 |     2 |     1 |     5 |     7 |    15 |    55 ||    86
       Sleeping          |       |       |       |     1 |     3 |       |     3 |     2 |     3 ||    12
       Invisible         |       |       |       |     2 |       |       |       |       |     7 ||     9
       Paralysed         |       |       |       |       |       |       |       |       |     1 ||     1
Armor: Skin              |     3 |     9 |    35 |   150 |   151 |   104 |    91 |    86 |   227 ||   856
Dodge: Dodged            |    25 |    37 |    81 |   412 |   672 |   643 |   721 |   563 |  1703 ||  4857

Table legend: (Time is in decaauts)
 A = Elapsed time spent in this place.
 B = Non-inter-level travel time spent in this place.
 C = Inter-level travel time spent in this place.
 D = Time resting spent in this place.
 E = Time spent auto-exploring this place.
 F = Levels seen in this place.
 G = Mean time per level.
                   A        B        C        D        E       F      G
               +--------+--------+--------+--------+--------+-----+--------+
         Total |  74686 |  68182 |   6504 |    631 |  56016 |  87 |  858.5 |
       Dungeon |  20360 |  17930 |   2430 |    236 |  15328 |  15 | 1357.3 |
        Temple |     30 |     30 |      0 |      0 |      0 |   1 |   30.0 |
          Lair |   8920 |   8035 |    885 |    190 |   6608 |   5 | 1784.0 |
        Shoals |   4345 |   4179 |    166 |      0 |   3592 |   4 | 1086.2 |
     Snake Pit |   5322 |   5084 |    238 |     59 |   4177 |   4 | 1330.5 |
    Slime Pits |   1312 |   1273 |     39 |      0 |    991 |   5 |  262.4 |
  Orcish Mines |   2113 |   1484 |    629 |      0 |   1222 |   2 | 1056.5 |
   Elven Halls |   4310 |   3794 |    516 |      0 |   3086 |   3 | 1436.7 |
        Vaults |   8428 |   7677 |    751 |      0 |   6489 |   5 | 1685.6 |
        Depths |   5780 |   5153 |    627 |      0 |   4402 |   4 | 1445.0 |
          Hell |    737 |    732 |      5 |      0 |    593 |   1 |  737.0 |
           Zot |   5469 |   5257 |    212 |     13 |   4580 |   5 | 1093.8 |
         Abyss |   1093 |   1093 |      0 |      0 |    489 |   5 |  218.6 |
      Ziggurat |   5030 |   5030 |      0 |    119 |   3450 |  25 |  201.2 |
         Trove |     93 |     93 |      0 |      0 |     70 |   1 |   93.0 |
       Ossuary |    386 |    386 |      0 |      0 |    298 |   1 |  386.0 |
      Gauntlet |    949 |    949 |      0 |     13 |    640 |   1 |  949.0 |
               +--------+--------+--------+--------+--------+-----+--------+

Top non-repeatable levels by time:
     D:5: 2511 daAuts
  Lair:4: 2347 daAuts
Vaults:2: 2292 daAuts
  Lair:5: 2270 daAuts
Depths:2: 1903 daAuts
  Lair:1: 1893 daAuts
Vaults:3: 1867 daAuts
     D:2: 1732 daAuts
     D:8: 1689 daAuts
     D:4: 1583 daAuts
   Elf:3: 1570 daAuts
Depths:4: 1511 daAuts
Vaults:4: 1477 daAuts
   Zot:5: 1469 daAuts
    D:12: 1445 daAuts
